 Dungeon Crawl Stone Soup version 0.27.1-2-g3b301248ec (webtiles) character file.

Game seed: 15757620073455005998

220 Revguard the Vexing (level 5, 0/37 HPs)
             Began as a Demonspawn Enchanter on Sept 29, 2021.
             Slain by a bullfrog (7 damage)
             ... in a sewer.
             The game lasted 00:14:29 (3838 turns).

Revguard the Vexing (Demonspawn Enchanter)          Turns: 3838, Time: 00:14:31

Health: 0/37       AC:  7    Str:  9    XL:     5   Next: 64%
Magic:  7/9        EV: 12    Int: 16    God:
Gold:   124        SH:  0    Dex: 14    Spells: 4/10 levels left

rFire    . . .     SeeInvis .   k - +1 dagger (venom)
rCold    . . .     Faith    .   (no shield)
rNeg     . . .     Spirit   .   c - +0 leather armour
rPois    .         Reflect  .   m - +0 helmet
rElec    .         Harm     .   e - +2 cloak
rCorr    .         Rampage  .   (no gloves)
Will     .....                  (no boots)
Stlth    +.........             (no amulet)
HPRegen  0.12/turn              (no ring)
MPRegen  0.11/turn              (no ring)

@: very slow
A: hooves 2, sturdy frame 1
a: no special abilities


You were in a sewer.
You visited 1 branch of the dungeon, and saw 3 of its levels.
You also visited: Sewer.

You collected 124 gold pieces.

Inventory:

Hand Weapons
 a - a +1 dagger
 k - a +1 dagger of venom (weapon)
 l - a +1 vorpal falchion
Missiles
 i - a throwing net
Armour
 b - a +0 robe
 c - a +0 leather armour (worn)
 e - a +2 cloak (worn)
 m - a +0 helmet (worn)
Scrolls
 q - a scroll of magic mapping
 r - a scroll of enchant armour {unknown}
 s - 4 scrolls of fear {unknown}
Potions
 f - a potion of invisibility {unknown}
 g - a potion of attraction {unknown}
 h - a potion of degeneration {unknown}
 j - a potion of flight {unknown}
 n - 2 potions of haste {unknown}
 o - 2 potions of magic {unknown}
 p - a potion of might {unknown}


   Skills:
 + Level 1.5 Fighting
 + Level 1.7 Short Blades
 + Level 1.1 Armour
 + Level 2.4 Dodging
 + Level 3.2 Stealth
 + Level 3.1 Spellcasting
 + Level 3.5 Hexes
 * Level 1.4 Ice Magic


You had 4 spell levels left.
You knew the following spells:

 Your Spells              Type           Power      Damage    Failure   Level
a - Corona                Hex            14%        N/A       4%          1
b - Ensorcelled Hibernat  Hex/Ice        20%        N/A       11%         2
c - Confusing Touch       Hex            13%        N/A       14%         3

Your spell library contained the following spells:

 Spells                   Type           Power      Damage    Failure   Level
 Tukima's Dance           Hex            13%        N/A       14%         3
 Dazzling Flash           Conj/Hex       16%        N/A       28%         3
 Petrify                  Tmut/Erth      2%         N/A       89%         4
 Ozocubu's Refrigeration  Ice            3%         4d5       100%        7
 Borgnjor's Revivificati  Necr           1%         N/A       100%        8
 Lehudib's Crystal Spear  Conj/Erth      1%         10d2      100%        8
 Necromutation            Tmut/Necr      1%         N/A       100%        8
 Death's Door             Necr           1%         N/A       100%        9


Dungeon Overview and Level Annotations

Branches:
Dungeon (3/15)              Sewer (1/1)

Altars:


Innate Abilities, Weirdness & Mutations

You have hoof-like feet.
Your movements are slightly less encumbered by armour. (ER -2)


Message History

The ball python constricts you. The frilled lizard closely misses you.
The ball python's grasp on you weakens, but your attempt to escape fails.
The adder closely misses you.
The bullfrog hits you but does no damage. x2
The ball python bites you but does no damage. x2
The ball python constricts you. The adder bites you but does no damage.
The frilled lizard bites you but does no damage.
The bullfrog barely misses you.
Casting: Ensorcelled Hibernation (safe; 11% risk of failure)
Confirm with . or Enter, or press ? or * to list all spells.
Aiming: Ensorcelled Hibernation (safe; 11% risk of failure)
Press: ? - help, Shift-Dir - straight line, f - bullfrog
Aim: a bullfrog (water, chance to affect: 41%)
The bullfrog resists with some effort.
The bullfrog hits you. The ball python closely misses you.
The ball python bites you but does no damage.
The ball python constricts you.
The bullfrog hits you but does no damage.
The adder closely misses you. The bullfrog barely misses you.
The frilled lizard closely misses you.
You escape the ball python's grasp.
The ball python closely misses you. x2
The bullfrog hits you. The adder closely misses you. The bullfrog hits you.
The ball python misses you. The ball python barely misses you.
You enter the shallow water.
Moving in this stuff is going to be slow.
The bullfrog hits you.
The bullfrog hits you but does no damage. x2
The ball python closely misses you. The ball python grabs you.
The ball python constricts you. The ball python closely misses you.
The adder bites you but does no damage. The bullfrog barely misses you.
As you read the scroll labelled JEITOLATIM, it crumbles to dust.
It is a scroll of identify.
q - a scroll of magic mapping The bullfrog hits you!
* * * LOW HITPOINT WARNING * * *
The bullfrog hits you but does no damage.
The ball python loses its grip on you. The adder bites you but does no damage.
The ball python closely misses you. The ball python completely misses you.
The bullfrog hits you!
You die...

#..'....# #..#....#
####...##
##################....#
.#≈≈≈≈≈≈≈≈≈≈≈≈≈≈≈......#
.≈≈≈≈≈≈≈≈≈≈≈≈≈≈≈≈.....##
.≈≈≈≈≈≈≈≈≈≈≈≈≈≈≈≈.....#
..≈≈≈≈≈≈≈F#S≈≈≈≈≈≈....#
.≈≈≈≈≈≈†SS@S≈≈≈≈≈≈...##
..≈≈≈≈≈≈lFS≈≈≈≈≈≈#.###
####################


You could see 2 bullfrogs, an adder, 4 ball pythons and a frilled lizard.

Vanquished Creatures
  Robin (D:2)
  3 gnolls (D:2)
  4 adders (Sewer)
  8 river rats
  A worm (D:2)
  An orc (D:2)
  13 ball pythons
  2 bats
  2 endoplasms (D:1)
  10 goblins
  5 hobgoblins (D:2)
  6 quokkas
  A frilled lizard (D:1)
  23 rats
80 creatures vanquished.

Notes
Turn   | Place    | Note
-------+----------+-------------------------------------------
     0 | D:1      | Revguard the Demonspawn Enchanter began the quest for the
                  | Orb.
     0 | D:1      | Reached XP level 1. HP: 13/13 MP: 3/3
   297 | D:1      | Reached skill level 1 in Short Blades
   523 | D:1      | Gained mutation: You have large cloven feet. [demonic
                  | ancestry]
   523 | D:1      | Reached XP level 2. HP: 15/20 MP: 0/5
   526 | D:1      | Learned a level 2 spell: Ensorcelled Hibernation
   728 | D:1      | Found a faded altar of an unknown god.
  1611 | D:2      | Gained mutation: You have hoof-like feet. [demonic
                  | ancestry]
  1611 | D:2      | Reached XP level 3. HP: 9/25 MP: 1/6
  1945 | D:2      | Learned a level 3 spell: Confusing Touch
  2683 | D:2      | Noticed Robin
  2805 | D:2      | Killed Robin
  2806 | D:2      | Reached XP level 4. HP: 14/31 MP: 0/8
  3065 | D:2      | Got the Compendium of Congealing Stones
  3132 | D:3      | Found a glowing drain.
  3143 | D:3      | Reached skill level 1 in Fighting
  3234 | Sewer    | Entered a sewer
  3395 | Sewer    | Reached skill level 1 in Ice Magic
  3412 | Sewer    | Gained mutation: Your movements are slightly less
                  | encumbered by armour. (ER -2) [demonic ancestry]
  3412 | Sewer    | Reached XP level 5. HP: 29/37 MP: 6/9
  3497 | Sewer    | Reached skill level 1 in Armour
  3838 | Sewer    | Slain by a bullfrog

Illustrated notes

Levels and vault maps discovered:
D:1:      lightli_arrival_statue_moat, layout_basic,
          chequers_ecumenical_altar_grove, kennysheep_doodads
D:2:      layout_basic, uniq_robin
D:3:      layout_rooms, nicolae_qazlal_style_of_elements,
          nicolae_overflow_crystal_walls, overflow_temple_1_default,
          portal_sewer_entry_b, columned_hall_lemuel
Sewer:    sewer_minmay_w

Skill      XL: |  1  2  3  4  5 |
---------------+----------------+-----
Short Blades   | 1 |  1.7
Dodging        | 2 |  2.4
Stealth        | 3 |  3.2
Fighting       | 1 |  1.5
Ice Magic      | 1 |  1.4
Armour         | 1 |  1.1
Spellcasting   | 3 |  3.1
Hexes          | |  3.5

Action                   |  1- 3 |  4- 6 || total
-------------------------+-------+-------++-------
Melee: Dagger            |    93 |   134 ||   227
       Kick              |    12 |    23 ||    35
 Cast: Corona            |     9 |       ||     9
       Ensorcelled Hiber |    20 |    13 ||    33
       Confusing Touch   |     1 |       ||     1
  Use: Scroll            |       |     1 ||     1
 Stab: Sleeping          |    15 |     6 ||    21
Armor: Leather armour    |    35 |    48 ||    83
Dodge: Dodged            |    64 |   108 ||   172
